 Dungeon Crawl Stone Soup version 0.29-a0-1043-g569b05d6ff (webtiles) character file.

Game seed: 12381194067855971318

19965 ragingrage the Fencer (level 12, -15/100 HPs)
             Began as a Merfolk Gladiator on Aug 15, 2022.
             Was a High Priest of Okawaru.
             Demolished by a boulder beetle (53 damage)
             ... on level 11 of the Dungeon.
             The game lasted 00:18:05 (11553 turns).

ragingrage the Fencer (Merfolk Gladiator)          Turns: 11553, Time: 00:18:05

Health: -15/100    AC:  8    Str: 15    XL:     12   Next: 74%
Magic:  15/15      EV: 23    Int:  7    God:    Okawaru [*****.]
Gold:   288        SH:  0    Dex: 26    Spells: 11/11 levels left

rFire   . . .      SeeInvis .   a - +6 falchion (freeze)
rCold   . . .      Faith    .   (no shield)
rNeg    . . .      Spirit   .   m - +0 troll leather armour {Pargi}
rPois   .          Reflect  .   c - +1 helmet
rElec   .          Harm     .   A - +0 cloak
rCorr   .          Rampage  .   (no gloves)
Will    .....                   (no boots)
Stlth   ++........              C - amulet of magic regeneration
HPRegen 1.06/turn               k - +4 ring of slaying
MPRegen 0.54/turn               u - +6 ring of dexterity

@: no status effects
A: (nimble swimmer 2), mertail
a: Renounce Religion, Heroism, Finesse, Duel


You were on level 11 of the Dungeon.
You worshipped Okawaru.
Okawaru was extremely pleased with you.
You visited 2 branches of the dungeon, and saw 13 of its levels.

You collected 560 gold pieces.
You spent 272 gold pieces at shops.

Inventory:

Hand Weapons
 a - a +6 falchion of freezing (weapon)
 o - a +0 hand axe of flaming
 v - the +3 great mace of Neozas {elec, Drain rElec rCorr Str+6}
   (You found it on level 7 of the Dungeon)

   It occasionally discharges a powerful burst of electricity upon striking a
   foe.
   Str:       It affects your strength (+6).
   rElec:     It insulates you from electricity.
   rCorr:     It protects you from acid and corrosion.
   Drain:     It drains your maximum health when unequipped.
 w - a +0 sling
 B - a +0 scimitar
 P - a +1 vorpal double sword
Missiles
 i - 21 poisoned darts (quivered)
 H - a curare-tipped dart
 K - 2 silver javelins
Armour
 c - a +1 helmet (worn)
 m - a +0 troll leather armour (worn) {Pargi}
 A - a +0 cloak (worn)
 I - a +2 robe of cold resistance
Jewellery
 k - a +4 ring of slaying (left hand)
 u - a +6 ring of dexterity (right hand)
 C - an amulet of magic regeneration (around neck)
 F - a ring of ice
 L - a ring of poison resistance
Wands
 l - a wand of polymorph (13)
 q - a wand of paralysis (9)
 y - a wand of mindburst (16)
 G - a wand of flame (12)
 N - a wand of digging (5)
Scrolls
 b - a scroll of magic mapping
 f - 4 scrolls of teleportation
 h - 2 scrolls of brand weapon
 p - a scroll of enchant weapon
 r - 6 scrolls of identify
 x - a scroll of torment
 E - 4 scrolls of immolation
 M - 2 scrolls of poison
Potions
 g - 3 potions of lignification
 j - 2 potions of flight
 n - 9 potions of ambrosia
 s - 13 potions of curing
 t - 3 potions of brilliance
 z - 4 potions of heal wounds
 D - 2 potions of mutation
 J - 2 potions of magic
 O - a potion of berserk rage {unknown}


   Skills:
 + Level 11.5 Fighting
 - Level 16.0 Long Blades
 + Level 5.5 Throwing
 + Level 3.8 Armour
 + Level 12.0 Dodging
 - Level 5.0 Invocations


You had 11 spell levels left.
You didn't know any spells.
Your spell library contained the following spells:

 Spells                   Type           Power      Damage    Failure   Level
 Magic Dart               Conj           0%         1d3       50%         1
 Sandblast                Erth           0%         2d4       50%         1
 Blink                    Tloc           0%         N/A       65%         2
 Passwall                 Tmut/Erth      0%         N/A       65%         2
 Conjure Flame            Conj/Fire      0%         6-21      86%         3
 Dazzling Flash           Conj/Hex       0%         N/A       86%         3
 Ignite Poison            Fire/Tmut/Pois 0%         N/A       86%         3
 Mephitic Cloud           Conj/Pois/Air  0%         N/A       86%         3
 Stone Arrow              Conj/Erth      0%         3d7       86%         3
 Sticky Flame             Conj/Fire      0%         2d3       99%         4
 Agony                    Necr           0%         N/A       100%        5
 Manifold Assault         Tloc           0%         N/A       100%        5
 Silence                  Hex/Air        0%         N/A       100%        5
 Storm Form               Tmut/Air       0%         N/A       100%        7
 Call Imp                 Summ           Unusable   N/A       N/A         2

Dungeon Overview and Level Annotations

Branches:
Dungeon (12/15)            Temple (1/1) D:7            Lair (0/5) D:9
    Orc (0/2) D:11

Altars:
Ashenzari
Cheibriados
Dithmenos
Gozag
Hepliaklqana
Makhleb
Okawaru
Sif Muna
Trog
Vehumet
Wu Jian
Xom
Yredelemnul
Zin

Shops:
D:2 !*(*   D:5 :

Annotations:
D:3 exclusion: 2 downstairs
D:4 3 runed translucent doors, tatocazan's ghost, amateur DsFi
D:10 exclusion: door


Innate Abilities, Weirdness & Mutations

((You are very nimble when in or above water. (Stealth+, EV+, Speed+++)))
Your lower body shifts to a powerful aquatic tail in water.


Message History

The boulder beetle looks as sick as possible!
The boulder beetle is moderately wounded.
A cyclops comes into view.
The boulder beetle leaps!
Things that are here:
a +0 troll leather armour; a troll corpse
Aiming: Mindburst
Press: ? - help, Shift-Dir - straight line, f/p - boulder beetle
Aim: a boulder beetle (heavily wounded, extremely poisoned, chance to affect: 47%)
The boulder beetle resists with some effort.
The boulder beetle curls into a ball and begins rolling!
Aiming: Mindburst
Press: ? - help, Shift-Dir - straight line, f/p - boulder beetle
Aim: a boulder beetle (severely wounded, rolling, extremely poisoned, chance to affect: 47%)
The boulder beetle's mind is blasted!
You slash the boulder beetle! You freeze the boulder beetle.
You kill the boulder beetle!
Okawaru is honoured by your kill. Okawaru grants you ammunition!
Something appears at your feet!
Your base Dodging skill increases to level 12!
Press: ? - help, v - describe, . - travel, g - get item
Items here: 2 silver javelins; a +0 troll leather armour; a troll corpse.
The floor, spattered with blood.
The cyclops throws a large rock.
The large rock hits you!!
* * * LOW HITPOINT WARNING * * *
The boulder beetle waves its antennae.
The boulder beetle leaps!
A centaur comes into view.
The cyclops throws a large rock.
The large rock completely misses you.
The boulder beetle curls into a ball and begins rolling!
The centaur moves out of view.
Things that are here:
a +0 dire flail; a +0 giant spiked club; a two-headed ogre corpse
Things that are here:
a +0 giant club; a +0 giant spiked club; a two-headed ogre corpse You feel like a meek peon again.
The boulder beetle hits you!!!
Ouch! That really hurt!
You die...

..# #..........## #........ ..#
#......))...## #.##..... ..#
###...##..##..#####.##..... ###
#.#.(.###.###.##....##.....
####......##.# #....#####.##..
####....#....##.# ##......##.####
#).).####....##.####.####..#.####
))#### #)....#..B○..# ##....##.
.## #####...@##°## ###...#. ##
###..##○# ##..... #
#.<..##°#######......
##.##C##°.............
#..B...°....#.#.......
...°C(..(.).........)..
###..#.#.#)#(...#.#.....
...######+##...#......# ##.
#y#...###......


You could see a boulder beetle (rolling) and a cyclops.

Vanquished Creatures
  A hydra (D:10)
  Fannar (D:10)
  A boulder beetle (D:11)
  7 two-headed ogres
  Urug (D:11)
  Pikel (D:6)
  A cyclops (D:11)
  A gargoyle (D:10)
  An unseen horror (D:11)
  A kobold demonologist (D:10)
  A komodo dragon (D:9)
  A queen bee (D:10)
  3 trolls
  Prince Ribbit (D:6)
  2 shadows (D:11)
  A wraith (D:11)
  2 vampires
  A wyvern (D:9)
  20 yaks
  A steam dragon (D:8)
  Grum (D:10)
  4 vampire mosquitoes (D:11)
  A swamp worm (D:7)
  Duvessa (D:5)
  An acid dragon (D:11)
  A floating eye (D:11)
  4 orc warriors
  Pargi (D:4)
  A sky beast (D:6)
  A boggart (D:4)
  An ice beast (D:6)
  A phantom (D:6)
  4 wolves (D:10)
  A lemure (D:6)
  2 kobold brigands
  3 bullfrogs
  A gnoll sergeant (D:10)
  2 scorpions
  5 necrophages
  3 wights (D:7)
  Dowan (D:5)
  55 killer bees
  4 howler monkeys
  2 jellies (D:6)
  4 hounds
  8 orc priests
  2 iguanas
  13 orc wizards
  4 gnolls (D:10)
  3 adders (D:4)
  A shadow imp (D:7)
  A white imp (D:8)
  2 ufetubi
  An adder skeleton (D:2)
  6 worms
  35 orcs
  2 bat skeletons (D:2)
  5 endoplasms
  2 giant cockroaches
  5 goblins
  5 hobgoblins
  3 quokkas
  6 ball pythons
  A ball python skeleton (D:2)
  A bat (D:2)
  2 frilled lizards (D:2)
  16 kobolds
  A quokka zombie (D:2)
  6 rats
285 creatures vanquished.

Vanquished Creatures (others)
  A shadow (D:10)
  An orc (D:7)
  5 fungi (D:9)
  16 plants
  A withered plant (D:2)
24 creatures vanquished.

Grand Total: 309 creatures vanquished

Notes
Turn   | Place    | Note
-------+----------+-------------------------------------------
     0 | D:1      | ragingrage the Merfolk Gladiator began the quest for the
                  | Orb.
     0 | D:1      | Reached XP level 1. HP: 16/16 MP: 1/1
   210 | D:1      | Reached skill level 4 in Long Blades
   259 | D:1      | Reached XP level 2. HP: 16/22 MP: 2/2
  1032 | D:1      | Found a faded altar of an unknown god.
  1344 | D:2      | Reached XP level 3. HP: 27/27 MP: 3/3
  1381 | D:2      | Found Oppuac's Assorted Antiques.
  1419 | D:2      | Reached skill level 5 in Long Blades
  1532 | D:2      | Found Somoxidgh's General Store.
  1652 | D:2      | Found Otijair's Weapon Emporium.
  1661 | D:2      | Found Dycaxer's Distillery.
  2078 | D:3      | Found a burning altar of Makhleb.
  2088 | D:3      | Reached XP level 4. HP: 30/33 MP: 4/4
  2659 | D:4      | Reached skill level 6 in Long Blades
  2717 | D:4      | Noticed a necrophage
  2956 | D:4      | Found a runed translucent gate.
  2956 | D:4      | Found a runed translucent gate.
  2957 | D:4      | Found an opulent altar of Gozag.
  2957 | D:4      | Found a runed translucent gate.
  2958 | D:4      | Noticed tatocazan's ghost (amateur DsFi)
  2958 | D:4      | Noticed a hornet
  2980 | D:4      | Killed a necrophage
  2981 | D:4      | Reached skill level 7 in Long Blades
  2981 | D:4      | Reached XP level 5. HP: 38/38 MP: 5/5
  2995 | D:4      | Noticed Pargi
  3007 | D:4      | Killed Pargi
  3008 | D:4      | Reached skill level 8 in Long Blades
  3008 | D:4      | Reached XP level 6. HP: 34/44 MP: 6/6
  3323 | D:4      | Noticed Edmund
  3483 | D:5      | Entered Level 5 of the Dungeon
  3497 | D:5      | Noticed Duvessa
  3498 | D:5      | Noticed Dowan
  3528 | D:5      | Noticed an orc warrior
  3585 | D:4      | Reached skill level 9 in Long Blades
  3585 | D:4      | Reached XP level 7. HP: 45/50 MP: 7/7
  3809 | D:5      | Reached skill level 10 in Long Blades
  3920 | D:5      | Killed Duvessa
  3922 | D:5      | HP: 1/50 [Dowan/shard of ice (16)]
  3923 | D:5      | Killed Dowan
  4008 | D:5      | Reached skill level 11 in Long Blades
  4008 | D:5      | Reached XP level 8. HP: 41/56 MP: 8/8
  4409 | D:5      | Found Busarr's Book Boutique.
  4553 | D:2      | Bought a scroll labelled LOPA YKEITOAN for 27 gold pieces
  4553 | D:2      | Bought a scroll labelled NUURCH URODUOZ for 27 gold pieces
  4622 | D:2      | Bought a potion of heal wounds for 70 gold pieces
  4689 | D:4      | Noticed Edmund
  4689 | D:4      | Edmund changed into Edmund the boggart
  4693 | D:4      | Killed Edmund the boggart
  4694 | D:4      | Reached skill level 12 in Long Blades
  5005 | D:6      | Found an ornate altar of the Wu Jian Council.
  5119 | D:5      | Reached skill level 13 in Long Blades
  5149 | D:6      | Noticed Prince Ribbit
  5157 | D:6      | Killed Prince Ribbit
  5158 | D:6      | Reached XP level 9. HP: 61/61 MP: 9/9
  5292 | D:6      | Reached skill level 14 in Long Blades
  5392 | D:6      | Found a broken altar of Ashenzari.
  5554 | D:6      | Noticed Pikel
  5686 | D:6      | Killed Pikel
  5687 | D:6      | Reached skill level 5 in Dodging
  6482 | D:7      | Found a staircase to the Ecumenical Temple.
  6500 | Temple   | Entered the Ecumenical Temple
  6595 | Temple   | Became a worshipper of Warmaster Okawaru
  6900 | D:7      | Reached skill level 5 in Fighting
  6945 | D:7      | Identified the +3 great mace of Neozas {elec, Drain rElec
                  | rCorr Str+6}
  7208 | D:7      | Reached XP level 10. HP: 74/74 MP: 10/10
  7405 | D:7      | Reached * piety under Okawaru
  7491 | D:7      | Reached skill level 15 in Long Blades
  7671 | D:8      | Reached ** piety under Okawaru
  8220 | D:2      | Bought a scroll of teleportation for 39 gold pieces
  8220 | D:2      | Bought a wand of flame (12) for 109 gold pieces
  8550 | D:9      | You fall into a shaft and drop 3 floors!
  8634 | D:12     | Noticed a kobold demonologist
  8669 | D:11     | Reached *** piety under Okawaru
  8692 | D:10     | Entered Level 10 of the Dungeon
  8765 | D:10     | Noticed a kobold demonologist
  8796 | D:10     | Killed a kobold demonologist
  8835 | D:10     | Noticed Fannar
  8863 | D:10     | Killed Fannar
  8863 | D:10     | Received a gift from Okawaru
  8864 | D:10     | Reached XP level 11. HP: 69/86 MP: 11/11
  8924 | D:10     | Reached skill level 16 in Long Blades
  8942 | D:10     | Reached skill level 10 in Dodging
  8957 | D:10     | Noticed a deep elf pyromancer
  9072 | D:10     | Reached **** piety under Okawaru
  9172 | D:10     | Received a gift from Okawaru
  9581 | D:10     | Reached skill level 10 in Fighting
  9585 | D:10     | Noticed a four-headed hydra
  9606 | D:10     | Noticed a seven-headed hydra
  9618 | D:10     | Killed a one-headed hydra
  9619 | D:10     | Reached skill level 1 in Invocations
  9941 | D:9      | Found a staircase to the Lair.
 10000 | D:9      | Noticed a two-headed ogre
 10004 | D:9      | Killed a two-headed ogre
 10005 | D:9      | Reached skill level 1 in Armour
 10207 | D:9      | Reached ***** piety under Okawaru
 10661 | D:10     | Noticed Grum
 10673 | D:10     | Killed Grum
 10863 | D:11     | Received a gift from Okawaru
 10903 | D:11     | Reached XP level 12. HP: 47/99 MP: 14/14
 11200 | D:11     | Noticed Urug
 11217 | D:11     | Killed Urug
 11342 | D:11     | Found a staircase to the Orcish Mines.
 11380 | D:11     | Noticed a two-headed ogre
 11384 | D:11     | Noticed a two-headed ogre
 11395 | D:11     | Killed a two-headed ogre
 11406 | D:11     | Killed a two-headed ogre
 11439 | D:11     | Noticed a two-headed ogre
 11439 | D:11     | Noticed a two-headed ogre
 11439 | D:11     | Noticed a two-headed ogre
 11444 | D:11     | Killed a two-headed ogre
 11446 | D:11     | Killed a two-headed ogre
 11452 | D:11     | Reached skill level 5 in Throwing
 11454 | D:11     | Killed a two-headed ogre
 11454 | D:11     | Paralysed by a floating eye for 3 turns
 11455 | D:11     | Reached skill level 5 in Invocations
 11516 | D:11     | Noticed a two-headed ogre
 11518 | D:11     | Noticed a boulder beetle
 11527 | D:11     | Killed a two-headed ogre
 11532 | D:11     | Noticed a boulder beetle
 11545 | D:11     | Killed a boulder beetle
 11545 | D:11     | Received a gift from Okawaru
 11553 | D:11     | Demolished by a boulder beetle

Illustrated notes

Levels and vault maps discovered:
D:1:      zelgadis_glass_arrival_large, layout_basic,
          shapermc_ecumenical_altar_mp_ritualfount, minmay_door_square,
          dk_noncrumbling_3, chequers_serial_rivers_large_a
D:2:      layout_loops_ring, serial_undead, serial_undead_c, serial_undead_d,
          serial_undead_f, serial_undead_f, serial_shops,
          nicolae_shop_overgrown_old_shop, nicolae_shop_bloodbath_and_beyond,
          shop, shop_statue
D:3:      layout_basic, amcnicky_altar_gilded
D:4:      layout_cave_pools, ebering_ghost_gozag, uniq_pargi, uniq_edmund
D:5:      layout_cave_pools, serial_shops, nicolae_square_shop, uniq_duvessa
D:6:      layout_loops_cross, nicolae_overflow_hidden_temple, serial_bayou,
          serial_bayou_pond_d, serial_bayou_pond_d, serial_bayou_crossing,
          serial_bayou_pond_d, serial_bayou_shore_b, uniq_prince_ribbit1,
          uniq_pikel
D:7:      layout_layer_cave, minmay_temple_entry_grid, worms_lemuel
D:8:      layout_cave_pools, minmay_misc_feat_secret_circle, serial_bayou_pond_d
D:9:      layout_layer_cave, dpeg_oklobed_lair
D:10:     layout_roguey [special_room_bee], hangedman_decor_growths,
          lightli_corner_chamber, uniq_fannar, uniq_grum
D:11:     layout_rooms, orc_0_dummy, onia_ninara_cookie, uniq_urug
D:12:     layout_loops_ring, minivault_20, palyth_stone_intersect,
          wad_floor_pattern_1, uniq_gastronok, uniq_josephine
Temple:   hc_temple_tempest_star

Skill      XL: |  1  2  3  4  5  6  7  8  9 10 11 12 |
---------------+-------------------------------------+-----
Long Blades    | 4 5 7 8 9 11 13 14 15 16 | 16.0
Fighting       | 5 7 10 11 | 11.5
Dodging        | 6 9 10 12 | 12.0
Invocations    | 3 5 |  5.0
Armour         | 2 3 |  3.8
Throwing       | 3 5 |  5.5

Action                   |  1- 3 |  4- 6 |  7- 9 | 10-12 || total
-------------------------+-------+-------+-------+-------++-------
Melee: Long sword        |    82 |       |       |       ||    82
       Short sword       |    17 |    93 |   275 |       ||   385
       Punch             |     1 |     2 |       |     5 ||     8
       Unarmed           |       |       |     5 |       ||     5
       Falchion          |       |       |    36 |   453 ||   489
       Tailslap          |       |       |     2 |       ||     2
       Hand axe          |       |       |       |     9 ||     9
Throw: Dart              |       |     5 |    17 |    18 ||    40
       Throwing net      |       |       |       |     3 ||     3
       Javelin           |       |       |       |     6 ||     6
Invok: Heroism           |       |       |       |     4 ||     4
Evoke: Wand              |       |       |     5 |     4 ||     9
  Use: Scroll            |       |     4 |     3 |    10 ||    17
       Potion            |       |       |     9 |       ||     9
 Stab: Sleeping          |     3 |     3 |     1 |     1 ||     8
       Distracted        |       |       |     2 |     1 ||     3
       Paralysed         |       |       |     1 |     4 ||     5
       Held in net/web   |       |       |       |     3 ||     3
Armor: Leather armour    |    20 |     6 |       |       ||    26
       Troll leather arm |       |     4 |    60 |    51 ||   115
       Skin              |       |       |    14 |       ||    14
Dodge: Dodged            |    74 |    54 |   205 |   380 ||   713

Table legend: (Time is in decaauts)
 A = Elapsed time spent in this place.
 B = Non-inter-level travel time spent in this place.
 C = Inter-level travel time spent in this place.
 D = Time resting spent in this place.
 E = Time spent auto-exploring this place.
 F = Levels seen in this place.
 G = Mean time per level.
                   A        B        C        D        E       F      G
               +--------+--------+--------+--------+--------+-----+--------+
         Total |  11147 |   9956 |   1191 |   1845 |   5772 |  13 |  857.5 |
       Dungeon |  11037 |   9866 |   1171 |   1845 |   5694 |  12 |  919.8 |
        Temple |    110 |     91 |     19 |      0 |     77 |   1 |  110.0 |
               +--------+--------+--------+--------+--------+-----+--------+

Top non-repeatable levels by time:
     D:4: 1357 daAuts
    D:10: 1310 daAuts
     D:1: 1264 daAuts
     D:7: 1187 daAuts
     D:6: 1119 daAuts
     D:2: 958 daAuts
     D:3: 832 daAuts
     D:9: 826 daAuts
     D:5: 791 daAuts
    D:11: 721 daAuts
     D:8: 570 daAuts
  Temple: 110 daAuts
    D:12: 96 daAuts
